 Dungeon Crawl Stone Soup version 0.30-a0-702-gdf48620a09 (webtiles) character file.

Game seed: 15816297314643885001

8371 NinjaNoafa the Thaumaturge (level 11, -2/85 HPs)
             Began as a Djinni Conjurer on Jan 21, 2023.
             Was a Follower of Ashenzari.
             Slain by a two-headed ogre
             ... wielding a +0 giant spiked club
              (20 damage)
             ... on level 9 of the Dungeon.
             The game lasted 00:46:45 (7983 turns).

NinjaNoafa the Thaumaturge (Djinni Conjurer)        Turns: 7983, Time: 00:46:45

Health: -2/85      AC: 10    Str:  6    XL:     11   Next: 54%
Gold:   97         EV: 12    Int: 23    God:    Ashenzari [*.....] SH:  3 Dex: 13

rFire   + + .      SeeInvis .    o - +0 dagger (vamp)
rCold   + . .      Faith    .    A - +0 buckler
rNeg    . . .      Spirit   .    D - +2 robe {rC+ rF+}
rPois   ∞          Reflect  .    g - +2 helmet
rElec   .          Harm     .    F - +0 cloak of Supernal Wisdom {Melee, Evo} (curse)
rCorr   .          Rampage  .    u - +1 pair of gloves of Ashenzari's Annoyance {Range, Evo} (curse)
Will    ++...                    (boots unavailable)
Stlth   ++                       y - amulet of regeneration
HPRegen 1.14/turn                p - ring of ice
MPRegen 0.00/turn                q - ring of willpower

@: flying
A: sickness immunity, fire resistance 2, cold vulnerability 1, float, innate
caster, HP casting, extra vitality 1
a: Renounce Religion, Shatter the Chains


You were on level 9 of the Dungeon.
You worshipped Ashenzari.
Ashenzari was aware of your devotion.
You visited 2 branches of the dungeon, and saw 10 of its levels.
You also visited: Bailey.

You collected 383 gold pieces.
You spent 286 gold pieces at shops.

Inventory:

Hand Weapons
 a - a +2 spectral dagger
 d - a +0 arbalest
 o - a +0 vampiric dagger (weapon)
 H - a +2 short sword of venom
Missiles
 j - 17 poisoned darts
 w - a throwing net
 G - 2 curare-tipped darts
 P - 4 boomerangs
Armour
 g - a +2 helmet (worn)
 u - the cursed +1 pair of gloves of Ashenzari's Annoyance (worn) {Range, Evo}
   (You found it on level 2 of the Dungeon)

   It has a curse which improves the following skills: Ranged Combat: Ranged
   Weapons and Throwing.
   Evocations: Evocations.
 A - a +0 buckler (worn)
 D - a +2 robe of resistance (worn)
 F - the cursed +0 cloak of Supernal Wisdom (worn) {Melee, Evo}
   (You found it on level 7 of the Dungeon)

   It has a curse which improves the following skills: Melee Combat: Short
   Blades, Long Blades, Axes, Maces & Flails, Polearms, Staves and Unarmed
   Combat.
   Evocations: Evocations.
Magical Staves
 J - a staff of earth
 N - a staff of poison
Jewellery
 p - a ring of ice (left hand)
 q - a ring of willpower (right hand)
 y - an amulet of regeneration (around neck)
Wands
 c - a wand of paralysis (9)
 k - a wand of iceblast (6)
 t - a wand of flame (7)
 x - a wand of mindburst (32)
 Q - a wand of polymorph (6)
Scrolls
 e - a scroll of magic mapping
 h - 2 scrolls of enchant weapon
 i - 4 scrolls of teleportation
 m - 3 scrolls of immolation
 n - 6 scrolls of fear
 s - 3 scrolls of blinking
 M - a scroll of torment
Potions
 b - 2 potions of magic
 f - a potion of berserk rage
 l - a potion of invisibility
 v - a potion of flight
 z - 2 potions of haste
 B - a potion of mutation
 C - 2 potions of degeneration
 E - 4 potions of curing
 I - a potion of attraction
 K - a potion of resistance
 L - a potion of brilliance
 O - 3 potions of lignification


   Skills:
 - Level 10.0 Fighting
 + Level 2.3 Dodging
 - Level 1.5 Stealth
 + Level 0.3 Shields
 - Level 11.3 Spellcasting
 + Level 0.3(0.8) Evocations


You had 4 spell levels left.
You knew the following spells:

 Your Spells              Type           Power      Damage    Failure   Level
a - Freezing Cloud        Conj/Ice/Air   39%        6-21      1%          5
b - Searing Ray           Conj           100%       2d8       1%          2
c - Dazzling Flash        Conj/Hex       100%       N/A       1%          3
d - Fulminant Prism       Conj/Hex       30%        3d16      1%          4
e - Iskenderun's Mystic   Conj/Tloc      60%        2d13      1%          4
f - Necrotise             Necr           100%       1d9       1%          1
g - Tukima's Dance        Hex            60%        N/A       1%          3
h - Kindle Blastsparks    Fire/Tloc/Air  100%       2d18      1%          3
i - Wereblood             Tmut           60%        N/A       1%          2
j - Magic Dart            Conj           100%       1d8       1%          1
Your spell library was empty.

Dungeon Overview and Level Annotations

Branches:
Dungeon (9/15)             Temple (1/1) D:6            Lair (0/5) D:8
 Bailey (visited)
    Orc: D:9-12

Altars:
Ashenzari
Cheibriados
Dithmenos
Elyvilon
Fedhas
Gozag
Hepliaklqana
Makhleb
Nemelex Xobeh
Okawaru
Qazlal
Ru
Trog
Uskayaw
Wu Jian
Xom
Zin
The Shining One

Shops:
D:8 !

Annotations:
D:9 3 transporters


Innate Abilities, Weirdness & Mutations

You are immune to sickness and miasma.
You are immune to poison.
Your flesh is very heat resistant. (rF++)
You are vulnerable to cold. (rC-)
You float through the air rather than walking.
You learn spells naturally, not from books.
Your magical power is your life essence.
You have superior vitality. (+4 MHP)


Message History

The two-headed ogre is moderately wounded.
You hear a shout! x2
Casting: Kindle Blastsparks (safe; 1% risk of failure)
Confirm with . or Enter, or press ? or * to list all spells.
A cloud of volatile blastsparks flares up around you!
The cloud of blastsparks explodes!
The concussive blast engulfs the two-headed ogre!
The two-headed ogre is heavily wounded.
The concussive blast engulfs you. You resist.
* * * LOW HITPOINT WARNING * * *
You are knocked back by the blast.
Casting: Kindle Blastsparks (safe; 1% risk of failure)
Confirm with . or Enter, or press ? or * to list all spells.
A cloud of volatile blastsparks flares up around you!
* * * LOW HITPOINT WARNING * * *
The cloud of blastsparks explodes!
The concussive blast engulfs the two-headed ogre!
The two-headed ogre is severely wounded.
The concussive blast engulfs you! You resist.
* * * LOW HITPOINT WARNING * * *
You are knocked back by the blast.
You feel much better.
Casting: Kindle Blastsparks (safe; 1% risk of failure)
Confirm with . or Enter, or press ? or * to list all spells.
A cloud of volatile blastsparks flares up around you!
The two-headed ogre closely misses you.
The two-headed ogre hits you with a +0 giant club!
* * * LOW HITPOINT WARNING * * *
The two-headed ogre attacks as you move away!
The two-headed ogre misses you. The two-headed ogre barely misses you.
The cloud of blastsparks explodes!
The concussive blast engulfs the two-headed ogre!
The two-headed ogre is almost dead.
Casting: Kindle Blastsparks (safe; 1% risk of failure)
Confirm with . or Enter, or press ? or * to list all spells.
A cloud of volatile blastsparks flares up around you!
* * * LOW HITPOINT WARNING * * *
The two-headed ogre attacks as you move away!
The two-headed ogre hits you with a +0 giant spiked club!!
You die...

.......#<..+.#
...!...#...#.#
.......#...#.# ###
.......#...#.##########
#..
.......#...#.##.......#
#..
.......#.....##.......#
#..
......................#
#..
......................#
#..
#+#######....O@.......#
#..
###+#######.#####.......#
#.. #....)......#
#.......# ###
#.......##### #.......##
#.......# ######...### ##
#.......# ###...# #<
#.......# ###.#####.
#.......# #.......
######... ##......


You could see a two-headed ogre.

Vanquished Creatures
  An orc knight (Bailey)
  Maurice (D:8)
  Grinder (D:3)
  A shadow (D:6)
  4 yaks (D:8)
  A wraith (D:6)
  A steam dragon (D:9)
  2 dancing weapons
  4 water moccasins
  An acid dragon (D:8)
  Duvessa (D:4)
  2 sky beasts
  8 orc warriors
  3 ice beasts
  2 black bears (D:7)
  A centaur (D:9)
  2 ogres
  6 phantoms
  Blork the orc (D:6)
  3 kobold brigands
  2 bullfrogs
  A necrophage (D:6)
  A scorpion (D:4)
  A water moccasin zombie (D:5)
  7 wights (D:8)
  Dowan (D:4)
  3 killer bees (D:7)
  A howler monkey (D:5)
  A bullfrog zombie (D:5)
  A centaur zombie (D:5)
  5 orc priests
  A centaur skeleton (D:5)
  7 hounds
  4 iguanas
  3 jellies
  11 orc wizards
  2 scorpion zombies (D:5)
  A hound zombie (D:5)
  3 hound skeletons (D:5)
  Robin (D:2)
  8 gnolls
  6 adders
  2 ufetubi (D:5)
  An adder zombie (D:5)
  A worm (D:2)
  3 dart slugs
  41 orcs
  6 bats
  6 endoplasms
  11 giant cockroaches
  11 goblins
  8 hobgoblins
  4 jackals (D:2)
  4 quokkas
  2 training dummies (D:4)
  4 ball pythons
  4 frilled lizards
  13 kobolds
  6 rats
244 creatures vanquished.

Vanquished Creatures (collateral kills)
  A two-headed ogre (D:9)
  Sigmund (D:6)
  3 orc warriors (Bailey)
  A gnoll sergeant (D:6)
  A wight (D:8)
  A gnoll bouda (D:6)
  2 gnolls (D:6)
  4 orcs
14 creatures vanquished.

Vanquished Creatures (others)
  4 dancing weapons
  26 fulminant prisms
  3 plants (D:1)
  5 withered plants (D:5)
38 creatures vanquished.

Grand Total: 296 creatures vanquished

Notes
Turn   | Place    | Note
-------+----------+-------------------------------------------
     0 | D:1      | NinjaNoafa the Djinni Conjurer began the quest for the Orb.
     0 | D:1      | NinjaNoafa set off with the following spells memorised:
                  | Magic Dart, Searing Ray, Dazzling Flash, Fulminant Prism,
                  | Iskenderun's Mystic Blast.
     0 | D:1      | Reached XP level 1. HP: 15/15 MP: 0/0
   453 | D:1      | Reached XP level 2. HP: 6/21 MP: 0/0
   571 | D:1      | Reached XP level 3. HP: 23/25 MP: 0/0
   571 | D:1      | Learned a level 1 spell: Necrotise
   841 | D:1      | Reached skill level 4 in Spellcasting
   937 | D:1      | Found a faded altar of an unknown god.
  1237 | D:2      | Reached XP level 4. HP: 29/31 MP: 0/0
  1478 | D:2      | Noticed Robin
  1517 | D:2      | HP: 1/31 [kobold/+0 dagger (3)]
  1666 | D:2      | Killed Robin
  1667 | D:2      | Reached XP level 5. HP: 28/35 MP: 0/0
  1667 | D:2      | Learned a level 2 spell: Wereblood
  2528 | D:3      | Reached skill level 5 in Spellcasting
  2533 | D:3      | Reached skill level 1 in Fighting
  2606 | D:3      | Noticed an ice beast
  2609 | D:3      | Reached XP level 6. HP: 40/42 MP: 0/0
  2661 | D:3      | Killed an ice beast
  2905 | D:3      | Noticed Grinder
  2905 | D:3      | Paralysed by Grinder for 4 turns
  2918 | D:3      | Killed Grinder
  2919 | D:3      | Reached XP level 7. HP: 39/50 MP: 0/0
  2919 | D:3      | Learned a level 3 spell: Kindle Blastsparks
  3398 | D:4      | Reached skill level 6 in Spellcasting
  3552 | D:4      | Noticed Duvessa
  3552 | D:4      | Noticed Dowan
  3567 | D:4      | Killed Duvessa
  3568 | D:4      | Reached XP level 8. HP: 49/58 MP: 0/0
  3586 | D:4      | Killed Dowan
  3635 | D:5      | Entered Level 5 of the Dungeon
  3763 | D:5      | Reached skill level 5 in Fighting
  3950 | D:5      | Reached skill level 7 in Spellcasting
  4036 | D:5      | Reached XP level 9. HP: 37/66 MP: 0/0
  4036 | D:5      | Learned a level 3 spell: Tukima's Dance
  4289 | D:5      | Reached skill level 8 in Spellcasting
  4640 | D:6      | Noticed Blork the orc
  4646 | D:6      | Killed Blork the orc
  4714 | D:6      | Reached XP level 10. HP: 66/76 MP: 0/0
  4915 | D:6      | Found a staircase to the Ecumenical Temple.
  4923 | D:6      | Noticed Sigmund
  4925 | Temple   | Entered the Ecumenical Temple
  5191 | Temple   | Became a worshipper of Ru the Awakened
  5207 | D:6      | Killed Sigmund
  5393 | D:6      | Reached skill level 9 in Spellcasting
  5645 | D:7      | Found a flagged portal.
  5660 | Bailey   | Entered a bailey
  6033 | Bailey   | Identified the ring "Rurakkeu" {rPois MP+9 Dex+6}
  6033 | Bailey   | Noticed an orc knight
  6049 | Bailey   | Killed an orc knight
  6050 | Bailey   | Reached skill level 10 in Fighting
  6110 | Bailey   | Identified the ring "Ciebb" {Fly Slay+3}
  6199 | D:7      | Reached XP level 11. HP: 69/85 MP: 0/0
  6199 | D:7      | Learned a level 5 spell: Freezing Cloud
  6356 | D:7      | Reached skill level 10 in Spellcasting
  6426 | Temple   | Fell from the grace of Ru
  6426 | Temple   | Became a worshipper of Ashenzari the Shackled
  6946 | D:8      | Found Lottiat's Distillery.
  7115 | D:8      | Noticed Maurice
  7127 | D:8      | Killed Maurice
  7209 | D:8      | Bought a potion of resistance for 110 gold pieces
  7209 | D:8      | Bought a potion of curing for 33 gold pieces
  7209 | D:8      | Bought a potion of brilliance for 44 gold pieces
  7275 | D:8      | Found a staircase to the Lair.
  7287 | D:8      | Bought a potion of lignification for 33 gold pieces
  7287 | D:8      | Bought 2 potions of lignification for 66 gold pieces
  7338 | D:8      | Reached skill level 11 in Spellcasting
  7715 | D:9      | Found a transporter.
  7719 | D:9      | Found a transporter.
  7720 | D:9      | Found a transporter.
  7721 | D:9      | Found a transporter.
  7780 | D:9      | Noticed a two-headed ogre
  7791 | D:9      | Killed a two-headed ogre
  7845 | D:9      | Reached * piety under Ashenzari
  7966 | D:9      | Noticed a two-headed ogre
  7983 | D:9      | Slain by a two-headed ogre

Illustrated notes

Levels and vault maps discovered:
D:1:      sevenhm_arrival_forest_fort_small_4, layout_loops_corners,
          shapermc_ecumenical_altar_gd, nicolae_concentric_dashed_squares_wild,
          bh_walls_and_bars
D:2:      layout_basic, uniq_robin
D:3:      minmay_roachtagon, layout_basic, uniq_grinder
D:4:      dreamdust_elfheim, layout_rooms, wad_floor_pattern_untrapped
D:5:      layout_basic, serial_undead, serial_undead_c, serial_undead_d,
          serial_undead_b, serial_undead_c, serial_undead_d, serial_undead_b
D:6:      layout_loops_cross, minmay_temple_entry_antechambers,
          minmay_divided_ellipse, uniq_duvessa, uniq_sigmund, uniq_blork_the_orc
D:7:      layout_loops_ring, enter_bailey_2
D:8:      layout_cave_pools, lair_entry_dummy, serial_shops,
          nicolae_stop_n_shop_2, uniq_maurice
D:9:      layout_basic, nicolae_diode_quadrants
Temple:   regret_index_temple_sigil_plot

Skill      XL: |  1  2  3  4  5  6  7  8  9 10 11 |
---------------+----------------------------------+-----
Spellcasting   | 4 5 6 7 8 9 11 | 11.3
Fighting       | 1 3 4 5 8 10 | 10.0
Dodging        | |  2.3
Stealth        | |  1.5
Shields        | |  0.3
Evocations     | |  0.3

Action                   |  1- 3 |  4- 6 |  7- 9 | 10-12 || total
-------------------------+-------+-------+-------+-------++-------
Melee: Hand axe          |     1 |       |       |       ||     1
       Dagger            |       |    20 |    45 |    43 ||   108
 Fire: Arbalest          |       |       |       |     2 ||     2
 Cast: Magic Dart        |    51 |    21 |    22 |    15 ||   109
       Searing Ray       |     1 |    28 |    15 |    13 ||    57
       Necrotise         |     4 |     9 |     2 |     6 ||    21
       Dazzling Flash    |       |     3 |     4 |     5 ||    12
       Wereblood         |       |     4 |    10 |    12 ||    26
       Fulminant Prism   |       |     4 |    10 |    12 ||    26
       Kindle Blastspark |       |       |    33 |    29 ||    62
       Iskenderun's Myst |       |       |    32 |    43 ||    75
       Tukima's Dance    |       |       |     5 |    38 ||    43
       Freezing Cloud    |       |       |       |    10 ||    10
Invok: Curse Item        |       |       |       |     2 ||     2
  Use: Potion            |       |     2 |       |     2 ||     4
       Scroll            |       |       |       |    19 ||    19
 Stab: Invisible         |       |     1 |       |       ||     1
Armor: Robe              |     2 |    23 |    42 |    41 ||   108
       Skin              |       |       |       |     5 ||     5
Dodge: Dodged            |     7 |    65 |    67 |   113 ||   252
Block: Buckler           |       |       |       |     4 ||     4

Table legend: (Time is in decaauts)
 A = Elapsed time spent in this place.
 B = Non-inter-level travel time spent in this place.
 C = Inter-level travel time spent in this place.
 D = Time resting spent in this place.
 E = Time spent auto-exploring this place.
 F = Levels seen in this place.
 G = Mean time per level.
                   A        B        C        D        E       F      G
               +--------+--------+--------+--------+--------+-----+--------+
         Total |   7963 |   7392 |    571 |     16 |   5597 |  11 |  723.9 |
       Dungeon |   7165 |   6669 |    496 |     16 |   5084 |   9 |  796.1 |
        Temple |    318 |    244 |     74 |      0 |    223 |   1 |  318.0 |
        Bailey |    479 |    479 |      0 |      0 |    290 |   1 |  479.0 |
               +--------+--------+--------+--------+--------+-----+--------+

Top non-repeatable levels by time:
     D:1: 1152 daAuts
     D:2: 1035 daAuts
     D:6: 877 daAuts
     D:3: 858 daAuts
     D:7: 815 daAuts
     D:5: 770 daAuts
     D:8: 712 daAuts
     D:4: 657 daAuts
  Bailey: 479 daAuts
  Temple: 318 daAuts
     D:9: 286 daAuts
